Odette, neutral female human Wizard --------------- ..............| |.............| |.f...........| |..@..........+ --------------- Odette the Thaumaturge Experience level: 9 Strength: 15 Dexterity: 14 Constitution: 11 Intelligence: 19 Wisdom: 18 Charisma: 10 Health: 0(68) Energy: 110(110) Def: 12 Gold: 171 Moves: 10740 Dungeon seed: XRILdm3rtIyKtcvz Game ID: Odette_1522593894 Your Inventory: Weapons a - a blessed +1 quarterstaff (weapon in hands) b - 2 uncursed +0 darts (in quiver) k - a blessed +0 dagger (alternate weapon; not wielded) x - an uncursed +0 dart Wands r - an uncursed wand of slow monster (0:4) y - an uncursed wand of sleep (0:6) B - a blessed wand of magic missile (0:5) C - an uncursed wand of digging (0:6) H - an uncursed wand of striking (0:7) Q - an uncursed wand of cancellation (0:7) R - an uncursed wand of make invisible (0:5) Z - an uncursed wand of make invisible (0:4) Potions i - an uncursed potion of water M - a blessed potion of object detection Scrolls S - 2 uncursed scrolls of earth Tools l - an uncursed +0 unicorn horn A - an uncursed sack Rings d - an uncursed ring of see invisible (on left hand) v - an uncursed +1 ring of increase damage G - an uncursed ring of polymorph control I - an uncursed ring of teleport control V - a blessed +2 ring of gain strength X - an uncursed ring of searching Armor e - an uncursed +0 cloak of magic resistance n - an uncursed +0 pair of high boots (being worn) q - an uncursed +0 pair of water walking boots L - a blessed +0 elven mithril-coat (being worn) N - a blessed +1 cloak of protection (being worn) Y - an uncursed +0 elven leather helm (being worn) Gems z - an uncursed touchstone Coins $ - 171 gold pieces Comestibles o - 3 uncursed food rations u - 2 uncursed lemons E - an uncursed tripe ration O - 13 uncursed lumps of royal jelly U - 3 uncursed food rations W - an uncursed pancake Spellbooks g - an uncursed spellbook of cure blindness Contents of the sack: an uncursed scroll of consecration an uncursed scroll of create monster 2393 gold pieces Spells and supernatural/magical abilities: Name Level Category Fail Memory a - force bolt 1 attack 12% 47% h - healing 1 healing 12% 60% k - knock 1 matter 12% 47% m - magic missile 2 attack 0% 79% x - extra healing 3 healing 12% 79% I - identify 3 divination 12% 62% W - pray for help -- divine ? -- Your skills at the end: Miscellaneous Skills wands [Basic] stealth [Basic] Weapon Skills dagger [Basic] quarterstaff [Basic] Spellcasting Skills attack spells [Skilled] healing spells [Basic] divination spells [Basic] enchantment spells [Basic] Final Attributes: You were piously aligned. You were poison resistant. Your writing hand was cramped from overuse. You saw invisible. You were somewhat stealthy. You were protected. You were lucky. You are dead. Vanquished creatures: 2 queen bees 2 giant mimics a large mimic a small mimic a wood golem a large dog a flaming sphere a shocking sphere 2 tengu a Grey-elf a giant beetle 2 wolves a black light a leprechaun a quivering blob 2 orc-captains a horse an ice vortex 3 ogres 3 chickatrices a dog 2 white unicorns 2 dust vortices a raven a plains centaur a gnome mummy a human zombie a rope golem 3 soldier ants a fire ant a yellow light 2 baby crocodiles 13 Mordor orcs a rock mole a rock piercer 2 ponies 3 fog clouds a shrieker a violet fungus 2 gnome lords a kobold mummy 2 paper golems 2 puppies a floating eye 2 kittens a dwarf 3 homunculi a quasit 2 kobold lords 2 iguanas a rabid rat a centipede a giant bat a monkey an orc zombie 52 killer bees 8 coyotes a gas spore 2 hobbits 3 acid blobs 2 large kobolds 3 geckos 2 hobgoblins 4 giant rats 7 cave spiders 3 brown molds 3 yellow molds a red mold 2 gnomes 22 manes 3 gnome zombies 12 jackals 2 foxes 3 kobolds 6 newts 4 goblins 5 sewer rats 10 grid bugs 6 bats 5 lichens 2 kobold zombies 265 creatures vanquished. Voluntary challenges: You did not cause conflict. You were not invisible. You did not have reflection. You were not displaced. You had been an atheist until turn 1815. You used a wielded weapon 485 times, starting on turn 404. You did not use plumbed fixtures. You read items or engraved 41 times, starting on turn 301. You never genocided any monsters. You never polymorphed an object. You never changed form. You cheated 1 time but completed Sokoban on turn 8740. You used no wishes. You never split a pudding. You wrote Elbereth's name 11 times, starting on turn 301. You never violated your personal moral code. Dungeon overview: The Dungeons of Doom: levels 1 to 13 Level 1 (chickatrice corpse) some fountains a long staircase Level 2 a general store, a fountain a long staircase Level 3 a fountain Level 4 an armor shop, a sink Level 5 a fountain Level 6 an altar to Thoth Level 7 (knock) Level 8 Level 9 many fountains Level 10 (more chickatrices?) a fountain stairs to Sokoban Level 11 a fountain Level 12 a fountain Level 13 <- You were here Sokoban: levels 6 to 9 Level 6 a magic chest Level 7 a delicatessen, a magic chest Level 8 Level 9 a magic chest stairs to The Dungeons of Doom History has recorded: On T:1 you entered the Dungeons of Doom to retrieve the Amulet of Yendor! On T:411 you reached level 2 of The Dungeons of Doom. On T:632 you reached level 3 of The Dungeons of Doom. On T:693 you advanced to experience level 2. On T:988 you advanced to experience level 3. On T:1057 you reached level 4 of The Dungeons of Doom. On T:1290 you reached level 5 of The Dungeons of Doom. On T:1351 you reached level 6 of The Dungeons of Doom. On T:1544 you advanced to experience level 4. On T:1697 you reached level 7 of The Dungeons of Doom. On T:2160 you advanced to experience level 5. On T:2362 you advanced to experience level 6. On T:2697 you reached level 8 of The Dungeons of Doom. On T:2732 you prayed to Thoth. On T:3317 you advanced to experience level 7. On T:4339 you prayed to Thoth. On T:4498 you reached level 9 of The Dungeons of Doom. On T:4808 you reached level 10 of The Dungeons of Doom. On T:5135 you advanced to experience level 8. On T:5144 you reached level 4 of Sokoban. On T:5320 you opened a magic chest. On T:5765 you reached level 3 of Sokoban. On T:7019 you reached level 2 of Sokoban. On T:7611 you reached level 1 of Sokoban. On T:8740 you entered the Sokoban zoo. On T:9684 you advanced to experience level 9. On T:9897 you reached level 11 of The Dungeons of Doom. On T:10166 you reached level 12 of The Dungeons of Doom. On T:10728 you reached level 13 of The Dungeons of Doom. Score breakdown: Gold: 2564 ( 256 points) Experience: 9 levels ( 800 points) Exploration: 13 levels ( 360 points) Discoveries: 47 items ( 2000 points) Variety of kills: 81 monsters ( 2000 points) Major goal: finished Sokoban ( 1000 points) Survival: died (score multiplied by 3) Total score: 19248 Latest messages: The lynx bites! Spell canceled. Please move the cursor to an unknown object. A lynx on the floor of a room. Done. You feel better. The lynx claws you! (2x) The lynx misses. The lynx claws you! The lynx misses. The lynx bites! The spell misses the lynx. The lynx claws you! The lynx misses. The lynx bites! The lynx claws you! (2x) The lynx bites! You die... Final status: Goodbye Odette the Wizard, killed by a lynx... You died in The Dungeons of Doom on dungeon level 13 with 19248 points, and 2564 pieces of gold, after 10740 moves. You were level 9 with a maximum of 68 hit points when you died.